Unix NetHack Version 5.0.0-0 post-release - last build May 10 2026 23:12:36 (d1fa5d53e341ca933230fdaa984d921c805b60aa,branch:main).

Game began 2026-05-12 08:13:49, ended 2026-05-14 05:20:34.

2932467751, lawful female human Valkyrie

                                                      --------------
                  ------------                       #.............|
                  |..........|                       #|.......*....|
                  |.....<....|                      ##|............|
                  |..........+                    ####.............|
                  |..........|                   ###  ---.----------
    ----------####...........|                  ####     #
    |........|#   --|-.--|----           d@#`######      #
    |>........#     # #  ################e`#f### #       ###
    |........|      ####`           #-.--------# #         #
    ----------       #  #         ###|........|# #         #)##
                     #  #         #  |........|# #            ##
                     #########    #  |........|###             #
                         -.--.-###` #.........|###################
                         |.....# ####|........-#        -------|-.-
                         |....| ##   ----------         |.........|
                         |.....                         |.........|
                         ------                         |.........|
                                                        -----------

2932467751 the Skirmisher   St:18/03 Dx:8 Co:18 In:11 Wi:9 Ch:8  Lawful
Dlvl:2  $:67 HP:0(34) Pw:8(8) AC:6  Xp:4 T:3042 

Latest messages:
 With great effort you move the boulder.
 The kitten misses the kitten.
 The kitten misses the kitten.
 You kill the kitten!
 Your kitten eats a kitten corpse.
 You swap places with the peaceful hobbit.
 You swap places with the peaceful hobbit.
 The kitten misses the hobbit.
 The kitten misses the hobbit.
 You swap places with the peaceful hobbit.
 The kitten bites the hobbit.
 The hobbit is killed!
 Your kitten eats a hobbit corpse.
 Your oil lamp flickers.
 The kitten picks up a sling.
 The kitten drops a sling.
 You swap places with your kitten.
 You swap places with your kitten.
 Your oil lamp flickers.
 You kill the brown mold!
 You swap places with your kitten.
 Your jackal corpses rot away.
 You kill the acid blob!
 You are splashed by the acid blob's acid!
 You miss the floating eye.
 You are frozen by the floating eye's gaze!
 Your oil lamp flickers considerably.
 Your oil lamp seems about to go out.
 The fox bites!
 The fox bites!
 The fox bites!
 The fox bites!
 The fox bites!
 The fox bites!
 The fox bites!
 The fox bites!
 The fox bites!
 The fox bites!
 The fox bites!
 The fox bites!
 The fox bites!
 The fox bites!
 The fox bites!
 The fox bites!
 You die...
 Do you want your possessions identified? [ynq] (y) y
 Do you want to see your attributes? [ynq] (y) y
 Do you want an account of creatures vanquished? [ynaq] (y) y
 Do you want to see your conduct and achievements? [ynq] (y) y
 Do you want to see the dungeon overview? [ynq] (y) y

Inventory:
 Coins    ('$')
  $ - 67 gold pieces
 Amulets  ('"')
  j - a cursed amulet of change
 Weapons  (')')
  k - 7 +0 darts
  l - 8 cursed +0 shuriken
  b - a blessed +0 dagger (alternate weapon; not wielded)
  m - a +0 elven dagger
  a - a blessed +1 spear (weapon in right hand)
  g - a cursed +0 long sword
 Armor    ('[')
  w - an uncursed +0 orcish helm
  c - an uncursed +3 small shield (being worn)
 Comestibles  ('%')
  i - an uncursed slime mold
  h - an uncursed lichen corpse
 Scrolls  ('?')
  f - an uncursed scroll of identify
 Potions  ('!')
  r - a cursed potion of gain ability
  v - an uncursed potion of gain level
 Rings    ('=')
  p - a cursed -2 ring of protection
 Tools    ('(')
  e - an uncursed oil lamp (lit)
 Gems/Stones  ('*')
  s - an uncursed worthless piece of blue glass

2932467751 the Valkyrie's attributes:

Background:
 You were a Skirmisher, a level 4 human Valkyrie.
 You were lawful, nominally on a mission for Tyr
 who was opposed by Odin (neutral) and Loki (chaotic).
 You were right-handed.
 You were in the Dungeons of Doom, on level 2.
 You entered the dungeon 3042 turns ago.
 It was nighttime.
 You had 133 experience points, 27 more were needed to attain level 5.

Basics:
 You had 0 out of 34 hit points.
 You had all 8 energy points (spell power).
 Your armor class was 6.
 Your wallet contained 67 zorkmids.
 Autopickup was off.

Final Characteristics:
 Your strength was 18/03 (limit:18/100).
 Your dexterity was 8 (limit:18).
 Your constitution was 18 (limit:18).
 Your intelligence was 11 (limit:18).
 Your wisdom was 9 (limit:18).
 Your charisma was 8 (limit:18).

Final Status:
 You weren't hungry.
 You were unencumbered.
 You were wielding a spear.
 You had basic skill with spear.

Final Attributes:
 You were piously aligned.
 You were cold resistant.
 You were stealthy.
 You are dead.

Miscellaneous:
 You didn't encounter any bones levels.
 Total elapsed playing time was 2 hours, 11 minutes and 33 seconds.

Major events:
 Turn
    1: 2932467751 the lawful human Valkyrie entered the dungeon
 1326: attained the rank of Skirmisher (level 3)
 3042: killed by a fox, while frozen by a floating eye's gaze

You didn't know any spells.

Skills:
 Fighting Skills
   bare handed combat [Unskilled]
   two weapon combat  [Unskilled]
   riding             [Unskilled]
 Weapon Skills
   dagger             [Basic]
   axe                [Unskilled]
   pick-axe           [Unskilled]
   short sword        [Unskilled]
   broadsword         [Unskilled]
   long sword         [Unskilled]
   two-handed sword   [Unskilled]
   saber              [Unskilled]
   hammer             [Unskilled]
   quarterstaff       [Unskilled]
   polearms           [Unskilled]
   spear              [Basic]
   trident            [Unskilled]
   lance              [Unskilled]
   sling              [Unskilled]
 Spellcasting Skills
   attack spells      [Unskilled]
   escape spells      [Unskilled]

Voluntary challenges:
 Character rerolling was not enabled.
 You followed a strict vegan diet.
 You were an atheist.
 You were illiterate.
 You never genocided any monsters.
 You never polymorphed an object.
 You never changed form.
 You used no wishes.
Achievements:
 You entered a shop.
 You attained the rank of Skirmisher.

 The Dungeons of Doom: levels 1 to 4
    Level 1:
    Level 2: <- You were here.
       Final resting place for
          you, killed by a fox, while frozen by a floating eye's gaze.
    Level 3:
       A general store, a fountain, a sink.
    Level 4:


Vanquished creatures:
  2 floating eyes
  a kitten
  2 giant bats
  2 dwarf zombies
 an iguana
  2 acid blobs
  2 coyotes
  2 hobbits
  2 large kobolds
  a hobgoblin
  2 brown molds
  a yellow mold
  a green mold
  2 geckos
  5 jackals
  a fox
  3 goblins
  a sewer rat
  7 grid bugs
  a bat
  2 lichens
  a kobold zombie
  3 newts
47 creatures vanquished.

No species were genocided or became extinct.

Game over:
                       ----------
                      /          \
                     /    REST    \
                    /      IN      \
                   /     PEACE      \
                  /                  \
                  |    2932467751    |
                  |      67 Au       |
                  | killed by a fox  |
                  |                  |
                  |                  |
                  |                  |
                  |       2026       |
                 *|     *  *  *      | *
        _________)/\\_//(\/(/\)/\//\/|_)_______

Farvel 2932467751 the Valkyrie...

You died in The Dungeons of Doom on dungeon level 2 with 743 points,
and 67 pieces of gold, after 3042 moves.
You were level 4 with a maximum of 34 hit points when you died.

